 Dungeon Crawl Stone Soup version 0.23.0 (webtiles) character file.

Game seed: 523075395490759914

7145 chequers the Grappler (level 10, -1/98 HPs)
             Began as a Troll Abyssal Knight on Feb 10, 2019.
             Was an Elder of Lugonu.
             Killed from afar by an electric eel (12 damage)
             ... with a bolt of electricity
             ... on level 8 of the Dungeon.
             The game lasted 00:10:32 (6094 turns).

chequers the Grappler (Troll Abyssal Knight)        Turns: 6094, Time: 00:10:33

Health: -1/98      AC: 11    Str: 25    XL:     10   Next: 85%
Magic:  15/15      EV: 11    Int:  8    God:    Lugonu [****..]
Gold:   466        SH:  2    Dex:  9    Spells: 9/9 levels left

rFire    + . .     SeeInvis .     - Unarmed
rCold    . . .     Gourm    +   (no shield)
rNeg     . . .     Faith    .   a - +0 robe
rPois    .         Spirit   .   t - +2 hat
rElec    .         Reflect  +   F - +2 cloak
rCorr    +         Harm     .   (gloves unavailable)
MR       .....                  (boots unavailable)
Stlth    +.........             x - +2 amulet of reflection
HPRegen  0.66/turn              s - ring of protection from fire
MPRegen  0.14/turn              E - ring of resist corrosion

@: no status effects
A: large, unfitting armour, claws 3, fast metabolism 3, gourmand, regeneration
1, shaggy fur 1, tough skin 3
a: Depart the Abyss, Bend Space, Banish, Corrupt, Renounce Religion


You were on level 8 of the Dungeon.
You worshipped Lugonu.
Lugonu was greatly pleased with you.
You were full.

You visited 1 branch of the dungeon, and saw 8 of its levels.
You visited the Abyss 1 time.

You collected 466 gold pieces.

Inventory:

Hand Weapons
 g - the +6 hand axe "Undertaker" {antimagic, *Corrode rF+++ rC+ rN+}
   (You took it off an orc on level 3 of the Dungeon)

   It reduces the magical energy of the wielder, and disrupts the spells and
   magical abilities of those hit.
   Natural abilities and divine invocations are not affected.
   It renders you almost immune to fire.
   It protects you from cold.
   It protects you from negative energy.
   It may corrode you when you take damage.
 A - a +0 giant club
Missiles
 u - 4 javelins (quivered)
 w - a throwing net
 y - 4 tomahawks
Armour
 a - a +0 robe (worn)
 t - a +2 hat (worn)
 F - a +2 cloak (worn)
Jewellery
 s - a ring of protection from fire (left claw)
 x - a +2 amulet of reflection (around neck)
 E - a ring of resist corrosion (right claw)
Wands
 h - a wand of clouds (9)
 m - a wand of acid (12)
 B - a wand of polymorph (2)
 D - a wand of iceblast (8)
Scrolls
 c - 2 scrolls of immolation {unknown}
 i - a scroll of magic mapping {unknown}
 j - 6 scrolls of teleportation
 l - a scroll of fog {unknown}
 o - 2 scrolls of remove curse
 p - a scroll of enchant armour {unknown}
 q - 3 scrolls of fear {unknown}
 r - a scroll of amnesia {unknown}
 v - 2 scrolls of blinking {unknown}
Potions
 d - 4 potions of curing {unknown}
 e - a potion of agility
 f - a potion of brilliance
 k - a potion of magic
 n - 6 potions of heal wounds {unknown}
 z - a potion of ambrosia {unknown}
 C - 2 potions of lignification
Comestibles
 b - 10 rations


   Skills:
 + Level 5.8 Fighting
 - Level 2.6 Armour
 + Level 5.2 Dodging
 + Level 10.6 Unarmed Combat
 * Level 8.7 Invocations


You had 9 spell levels left.
You didn't know any spells.
Your spell library contained the following spells:

 Spells                   Type           Power        Failure   Level  Hunger
 Animate Skeleton         Necr           N/A          41%         1    ##.....
 Beastly Appendage        Tmut           #.....       41%         1    ##.....
 Confusing Touch          Hex            #.....       41%         1    ##.....
 Magic Dart               Conj           #...         41%         1    ##.....
 Pain                     Necr           #...         41%         1    ##.....
 Searing Ray              Conj           #.....       54%         2    ###....
 Sticks to Snakes         Tmut           #.......     54%         2    ###....
 Confuse                  Hex            #.......     78%         3    ####...
 Dazzling Spray           Conj/Hex       #.....       78%         3    ####...
 Gell's Gravitas          Tloc           #.........   78%         3    ####...
 Regeneration             Chrm/Necr      #.........   78%         3    ####...
 Spider Form              Tmut/Pois      #.........   78%         3    ####...
 Vampiric Draining        Necr           #.........   78%         3    ####...
 Animate Dead             Necr           N/A          99%         4    #####..
 Force Lance              Conj/Tloc      #.......     99%         4    #####..
 Fulminant Prism          Conj/Hex       #.........   99%         4    #####..
 Ice Form                 Ice/Tmut       #.......     99%         4    #####..
 Iskenderun's Mystic Bla  Conj           #.......     99%         4    #####..
 Petrify                  Tmut/Erth      #.......     99%         4    #####..
 Blade Hands              Tmut           #.........   100%        5    ######.
 Metabolic Englaciation   Hex/Ice        #.........   100%        5    ######.
 Yara's Violent Unravell  Hex/Tmut       #.........   100%        5    ######.


Dungeon Overview and Level Annotations

Branches:
Dungeon (8/15)             Temple (0/1) D:4
   Lair: D:8-11

Altars:
Cheibriados
Dithmenos
Gozag
Hepliaklqana
Makhleb
Nemelex Xobeh
Okawaru
Sif Muna
Trog
Xom
Yredelemnul
Zin
Beogh

Shops:
D:6 [

Annotations:
D:8 exclusion: 3 doors


Innate Abilities, Weirdness & Mutations

You are too large for most types of armour.
You have claws for hands.
Your metabolism is lightning-fast.
You like to eat raw meat.
Your natural rate of healing is unusually fast.
You are covered in fur. (AC +1)
You have extremely tough skin. (AC +3)


Message History

Lugonu accepts your kill.
The electric eel shoots out a bolt of lightning at you!
The bolt of electricity hits you.
* * * LOW HITPOINT WARNING * * *
The electric eel shoots out a bolt of lightning at you!
The bolt of electricity hits you!
* * * LOW HITPOINT WARNING * * *
The electric eel shoots out a bolt of lightning at you!
The bolt of electricity hits you!
* * * LOW HITPOINT WARNING * * *
The bolt of electricity hits you!
* * * LOW HITPOINT WARNING * * *
The bolt of electricity hits the electric eel.
The electric eel completely resists.
You barely miss the electric eel. Your claw misses the electric eel.
The electric eel shoots out a bolt of lightning at you!
The bolt of electricity hits you!
* * * LOW HITPOINT WARNING * * *
The bolt of electricity hits you!
You die...

.#
#....#....÷....#
§#
#....####.≈.####
.#
#....#....≈....#
##
#....####.≈.####
##
#....#....≈....#
.≈
#....####.≈.####
##
#...)#....≈.'..#
○#
#....####.≈.####
☼#
#....#....≈@...#
§#
#....#####;#####
○# ###....###≈##
.# ##......≈≈≈.
## #........≈≈.
## #.........≈≈
##.......≈≈.
#......≈≈≈.
#.......≈≈.


You could see an electric eel.

Vanquished Creatures
  A death yak (D:8)
  A two-headed ogre (D:8)
  A hippogriff (D:7)
  14 yaks
  Eustachio (D:6)
  A water moccasin (D:7)
  2 ice beasts
  3 orc warriors
  3 phantoms
  2 sky beasts
  A black bear (D:6)
  An ogre (D:5)
  2 centaurs
  A crocodile (D:7)
  The ghost of bonegar the Gusty, an amateur TeAE of Sif Muna (D:3)
  4 bullfrogs
  A wyvern skeleton (D:8)
  A water moccasin skeleton (D:8)
  5 scorpions
  4 wights (D:7)
  2 electric eels (D:8)
  A howler monkey (D:6)
  2 centaur zombies
  4 crimson imps
  8 orc priests
  A hound (D:6)
  Crazy Yiuf (D:6)
  A gnoll shaman (D:4)
  A centaur skeleton (D:7)
  5 iguanas
  7 orc wizards
  2 worker ants
  A hound zombie (D:5)
  2 hound skeletons
  3 gnolls (D:4)
  7 adders
  2 shadow imps
  An adder skeleton (D:7)
  3 worms
  2 dart slugs (D:1)
  5 leopard geckos
  33 orcs
  11 bats
  2 giant cockroaches (D:3)
  11 goblins
  8 hobgoblins
  6 jackals
  5 quokkas
  5 frilled lizards
  8 kobolds
  A quokka skeleton (D:5)
  4 rats
205 creatures vanquished.

Vanquished Creatures (others)
  2 orcs (D:3)
  A plant (D:7)
3 creatures vanquished.

Grand Total: 208 creatures vanquished

Notes
Turn   | Place    | Note
-------+----------+-------------------------------------------
     0 | Abyss:1  | chequers the Troll Abyssal Knight began the quest for the
                  | Orb.
     0 | Abyss:1  | Reached XP level 1. HP: 22/22 MP: 1/1
    54 | Abyss:1  | Noticed a ynoxinul
    55 | Abyss:1  | Noticed a raiju
    58 | D:1      | Escaped the Abyss
   144 | D:1      | Reached * piety under Lugonu
   144 | D:1      | Reached XP level 2. HP: 18/29 MP: 2/2
   294 | D:1      | Reached skill level 3 in Unarmed Combat
   502 | D:1      | Reached XP level 3. HP: 35/36 MP: 3/3
   807 | D:2      | Noticed a sky beast
   833 | D:2      | Killed a sky beast
   833 | D:2      | Reached skill level 4 in Unarmed Combat
   833 | D:2      | Reached XP level 4. HP: 40/45 MP: 4/4
   837 | D:2      | Reached XP level 5. HP: 49/53 MP: 5/5
  1107 | D:2      | Found a hazy altar of Hepliaklqana.
  1107 | D:2      | Found an iron altar of Okawaru.
  1159 | D:2      | Found a deep blue altar of Sif Muna.
  1164 | D:2      | Reached ** piety under Lugonu
  1191 | D:2      | Reached skill level 5 in Unarmed Combat
  1781 | D:3      | Found a runed translucent gate.
  1781 | D:3      | Found a runed translucent gate.
  1782 | D:3      | Found a runed translucent gate.
  1782 | D:3      | Noticed bonegar's ghost (amateur TeAE)
  1785 | D:3      | Found a roughly hewn altar of Beogh.
  1787 | D:3      | Identified the +6 hand axe "Undertaker" {antimagic,
                  | *Corrode rF+++ rC+ rN+}
  1787 | D:3      | Identified the +1 scale mail "Guarchy Kuss" {-Tele rElec
                  | rCorr Str+6}
  1808 | D:3      | Killed bonegar's ghost
  1808 | D:3      | Reached XP level 6. HP: 55/61 MP: 6/6
  2103 | D:4      | Found a snail-covered altar of Cheibriados.
  2129 | D:4      | Reached skill level 6 in Unarmed Combat
  2327 | D:4      | Found a staircase to the Ecumenical Temple.
  2642 | D:5      | Entered Level 5 of the Dungeon
  2668 | D:5      | Noticed an ice beast
  2672 | D:5      | Killed an ice beast
  2672 | D:5      | Reached XP level 7. HP: 55/67 MP: 8/8
  2709 | D:5      | Reached skill level 7 in Unarmed Combat
  2900 | D:5      | Found a shimmering altar of Xom.
  2910 | D:5      | Reached *** piety under Lugonu
  2997 | D:5      | Found a basalt altar of Yredelemnul.
  3168 | D:5      | Reached skill level 8 in Unarmed Combat
  3170 | D:5      | Reached XP level 8. HP: 70/75 MP: 10/10
  3557 | D:6      | Reached skill level 9 in Unarmed Combat
  3557 | D:6      | Reached skill level 5 in Invocations
  3601 | D:6      | Found Nodeir's Armour Boutique.
  3628 | D:6      | Noticed Eustachio
  3680 | D:6      | Killed Eustachio
  3779 | D:6      | Found a shadowy altar of Dithmenos.
  3824 | D:6      | Found a runed translucent door.
  3825 | D:6      | Noticed Crazy Yiuf
  3835 | D:6      | Killed Crazy Yiuf
  4086 | D:7      | Reached **** piety under Lugonu
  4086 | D:7      | Reached skill level 10 in Unarmed Combat
  4086 | D:7      | Reached XP level 9. HP: 72/81 MP: 12/12
  4710 | D:7      | Found an opulent altar of Gozag.
  4711 | D:7      | Found a bloodstained altar of Trog.
  4929 | D:8      | Found a burning altar of Makhleb.
  4933 | D:8      | Found a glowing silver altar of Zin.
  4933 | D:8      | Noticed an angel
  4933 | D:8      | Noticed a green death
  5309 | D:8      | Found a sparkling altar of Nemelex Xobeh.
  5368 | D:8      | Noticed a two-headed ogre
  5371 | D:8      | Killed a two-headed ogre
  5371 | D:8      | Reached skill level 5 in Fighting
  5371 | D:8      | Reached XP level 10. HP: 66/96 MP: 14/14
  5536 | D:8      | Noticed a death yak
  5568 | D:8      | Killed a death yak
  5568 | D:8      | Reached skill level 1 in Armour
  5743 | D:8      | Reached skill level 5 in Dodging
  6094 | D:8      | Killed from afar by an electric eel

Skill      XL: |  1  2  3  4  5  6  7  8  9 10 |
---------------+-------------------------------+-----
Unarmed Combat | 3 4 5 6 8 10 | 10.6
Fighting       | 3 5 |  5.8
Invocations    | 2 3 4 5 7 8 |  8.7
Dodging        | 4 5 |  5.2
Armour         | 2 |  2.6

Action                   |  1- 3 |  4- 6 |  7- 9 | 10-12 || total
-------------------------+-------+-------+-------+-------++-------
Melee: Unarmed           |    95 |   150 |   371 |   101 ||   717
       Punch             |     1 |     3 |    11 |     2 ||    17
Invok: Depart the Abyss  |     1 |       |       |       ||     1
  Use: Scroll            |       |       |     6 |       ||     6
  Eat: Chunk             |    13 |    17 |    19 |    10 ||    59
Armor: Robe              |    58 |    39 |   119 |    13 ||   229
Dodge: Dodged            |    61 |    81 |   169 |    29 ||   340
Block: Other             |       |       |    18 |     2 ||    20
